AoeStats
← Obelix

Hideout

509510970Analyzed
1v1 RM · 6d ago on Sep 27, 2026· 49m 31s· 2 players
Game mode
Random Map
Map size
Tiny (2 player)
Population
200
Speed
Normal
Resources
Standard
Victory
Conquest
Starting age
Dark Age
Ending age
Imperial Age
RankedLock teamsTeams togetherTeam positionsShared explorationLock speedFull tech treeHidden civsTurbo modeCheats
Victory
Defeat
🇳🇿 Romans · New Zealand
742
+15
🇦🇺 Bengalis · Australia
726
-26
Obelix
3:01 Loom
10:29 Feudal Age
11:43 Man-at-Arms
15:02 Forging
20:29 Castle Age
21:14 Long Swordsman
22:56 Scale Mail Armor
23:39 Crossbowman
24:56 Double-Bit Axe
24:53 Horse Collar
26:37 Iron Casting
27:39 Scale Barding Armor
28:54 Chain Mail Armor
30:24 Gold Mining
33:54 Chain Barding Armor
36:10 Bow Saw
36:03 Heavy Plow
43:21 Imperial Age
40:51 Murder Holes
41:17 Ballistics
41:08 Masonry
42:19 Padded Archer Armor
43:33 Elite Ratha (Ranged)
44:35 Stone Mining
45:23 Gold Shaft Mining
45:50 Two-Man Saw
45:23 Crop Rotation
44:38 Siege Elephant
45:48 Conscription
47:15 Fletching
47:41 Leather Archer Armor
48:23 Bodkin Arrow
48:52 Two-Handed Swordsman
Bluechecker
6:20 Loom
6:50 Loom
9:17 Feudal Age
10:58 Man-at-Arms
13:01 Scale Mail Armor
13:12 Forging
18:31 Fletching
19:11 Double-Bit Axe
19:20 Horse Collar
25:20 Castle Age
29:10 Stone Mining
29:11 Town Watch
29:42 Bow Saw
29:36 Heavy Plow
29:04 Long Swordsman
29:45 Squires
30:04 Chain Mail Armor
30:25 Iron Casting
29:47 Bodkin Arrow
30:24 Ballistas
36:01 Town Patrol
37:30 Wheelbarrow
37:25 Ballistics
37:17 Masonry
37:15 Murder Holes
42:03 Hand Cart
45:39 Imperial Age
46:46 Comitatenses
46:47 Conscription
46:53 Conscription
45:57 Heavy Scorpion
46:31 Legionary
48:24 Blast Furnace
48:36 Chemistry
48:08 Siege Engineers
Connection lost

Rejoining the realm…

Still unreachable

The connection could not be restored.

Session expired

The server has moved on; the page needs a fresh start.